 Dungeon Crawl Stone Soup version 0.18.1-48-g4cf74bf (webtiles) character file.

131282 theElss the Eclecticist (level 16, 0/99 HPs)
             Began as a High Elf Conjurer on Sept 9, 2016.
             Was the Champion of Vehumet.
             Blown up by an orb spider (48 damage)
             ... with an orb of destruction
             ... on level 1 of the Spider Nest.
             The game lasted 03:30:30 (42051 turns).

theElss the Eclecticist (High Elf Conjurer)        Turns: 42051, Time: 03:30:30

Health: 0/99       AC: 16    Str:  9    XL:     16   Next: 54%
Magic:  14/48      EV: 20    Int: 22    God:    Vehumet [******]
Gold:   2821       SH:  8    Dex: 22    Spells: 12 memorised, 10 levels left

rFire  + . .     SeeInvis +     L - +11 morningstar "Eos" {elec, -Tele rElec SInv}
rCold  . . .     Gourm    +     R - +3 leather armour {MR+}
rNeg   . . .     Faith    .     x - +2 buckler {rF+}
rPois  +         Spirit   .     U - +0 helmet
rElec  +         Dismiss  .     N - +0 cloak {+Inv}
rCorr  .         Reflect  .     K - +2 pair of gloves
SustAt .         Harm     .     t - +2 pair of boots
MR     ++...     NoTele   +     O - amulet "Xica" {Gourm Dex+3}
Stlth  ++........               n - ring of poison resistance
                                s - ring of magical power

@: delayed fireball, very resistant to hostile enchantments, unstealthy
A: no striking features
a: Renounce Religion, Release Delayed Fireball, Evoke Invisibility


You were on level 1 of the Spider Nest.
You worshipped Vehumet.
Vehumet was exalted by your worship.
You were full.

You visited 4 branches of the dungeon, and saw 26 of its levels.
You also visited: Ice Cave.

You collected 2978 gold pieces.
You spent 157 gold pieces at shops.

Inventory:

Hand Weapons
 k - the +6 falchion of Debt {slice, +Rage +Fly rF- Int+6}
   (You found it on level 2 of the Lair of Beasts)

   It inflicts extra damage upon your enemies.
   It affects your intelligence (+6).
   It makes you vulnerable to fire.
   It lets you fly.
   It lets you go berserk.
 L - the +11 morningstar "Eos" (weapon) {elec, -Tele rElec SInv}
   (You found it on level 6 of the Dungeon)

   Occasionally, upon striking a foe, it will discharge some electrical energy
   and cause terrible harm.
   It insulates you from electricity.
   It lets you see invisible.
   It prevents most forms of teleportation.
Armour
 t - a +2 pair of boots (worn)
 x - a +2 buckler of fire resistance (worn)
 K - a +2 pair of gloves (worn)
 N - a +0 cloak of invisibility (worn)
 R - a +3 leather armour of magic resistance (worn)
 U - a +0 helmet (worn)
Jewellery
 h - a +5 ring of protection {unknown}
 n - a ring of poison resistance (right hand)
 p - an uncursed amulet of rage {unknown}
 s - a ring of magical power (left hand)
 B - an uncursed ring of resist corrosion
 O - the amulet "Xica" (around neck) {Gourm Dex+3}
   (You found it on level 8 of the Lair of Beasts)

   [amulet of the gourmand]

   It allows you to eat raw meat even when not hungry.
   It affects your dexterity (+3).
 T - an uncursed amulet of magic regeneration
 V - an uncursed ring of sustain attributes
Wands
 b - a wand of disintegration (8/24)
 c - a wand of teleportation (3/9)
Scrolls
 e - 3 scrolls of noise {unknown}
 f - 3 scrolls of fear
 j - 13 scrolls of remove curse
 m - a scroll of acquirement {unknown}
 r - 5 scrolls of fog {unknown}
 w - 7 scrolls of blinking
 y - 10 scrolls of teleportation
 D - 2 scrolls of vulnerability {unknown}
 E - a scroll of summoning {unknown}
 H - 2 scrolls of torment {unknown}
 M - a scroll of immolation {unknown}
 Q - a scroll of magic mapping
Potions
 a - 3 potions of haste
 d - a potion of curing
 i - 5 potions of heal wounds
 o - 2 potions of magic
 v - 10 potions of lignification
 A - 5 potions of cancellation
Comestibles
 g - a meat ration
 l - 16 bread rations


   Skills:
 - Level 6.0 Fighting
 - Level 7.0 Armour
 - Level 9.0 Dodging
 - Level 2.1 Stealth
 - Level 4.0 Shields
 + Level 18.4 Spellcasting
 + Level 16.9 Conjurations
 * Level 10.7 Fire Magic
 - Level 9.0 Evocations


You had 10 spell levels left.
You knew the following spells:

 Your Spells              Type           Power        Failure   Level  Hunger
a - Magic Dart            Conj           ####         0%          1    None
b - Iskenderun's Battles  Conj/Chrm      ######..     1%          5    None
c - Searing Ray           Conj           ######       0%          2    None
d - Iskenderun's Mystic   Conj           #######.     1%          4    None
e - Throw Flame           Conj/Fire      ######       1%          2    None
f - Sticky Flame          Conj/Fire      ######..     1%          4    None
g - Blink                 Tloc           N/A          6%          2    None
h - Teleport Other        Tloc           ###.....     12%         3    None
i - Venom Bolt            Conj/Pois      ######....   1%          5    None
j - Fireball              Conj/Fire      ######....   1%          5    None
k - Delayed Fireball      Conj/Fire      N/A          3%          7    #####..
l - Bolt of Fire          Conj/Fire      ######....   1%          6    ####...


Dungeon Overview and Level Annotations

Branches:
Dungeon (15/15)            Temple (0/1) D:7            Lair (8/8) D:11
 Shoals (0/4) Lair:3       Spider (1/4) Lair:4        Slime (0/6) Lair:8
    Orc (2/2) D:10            Elf (0/3) Orc:2        Vaults (0/5) D:13
 Depths (0/5) D:15

Altars:
Ashenzari
Dithmenos
Fedhas
Gozag
Kikubaaqudgha
Nemelex Xobeh
Pakellas
Qazlal
Ru
Sif Muna
Trog
Vehumet
Xom
Yredelemnul
The Shining One
Beogh

Shops:
D:4 *   D:5 (   D:8 :   D:15 }   Orc:2 [=*(=

Annotations:
D:11 1 runed door
D:15 Azrael


Message History

The wolf spider completely misses you.
Casting: Iskenderun's Battlesphere
Confirm with . or Enter, or press ? or * to list all spells.
Aiming: Iskenderun's Mystic Blast
Press: ? - help, Shift-Dir - straight line, f - wolf spider
Aim: a wolf spider (almost dead)
The orb of energy hits the wolf spider.
You kill the wolf spider!
Vehumet accepts your kill.
You feel your power returning.
The orb of energy explodes!
Your battlesphere fires!
The jumping spider misses you. x2
The orb spider weaves a glowing orb of energy.
The jumping spider misses you. You block the jumping spider's attack.
An orb of destruction comes into view.
You swap places.
The jumping spider leaps!
The orb spider pulsates with a strange energy.
The orb of destruction hits you!
You die...

.....^... ...............#
....................†s..##
^............^.......§.## ##
...>^........?......§...###≈##
...................§s.≈≈#.≈≈≈#
..................§...≈....≈#
........ .........§........≈#
........ .......*..........##
....... .......@§.......^..#
...... ............†......#
..... (.................##
.... ................)#≈##
......................#≈≈≈#≈#
..............^........#≈≈≈##
........................≈≈≈#
..................[......###
......................#..≈#


You could see an orb spider, a jumping spider and a friendly battlesphere.

Vanquished Creatures
  An azure jelly (Lair:8)
  An orc warlord (Orc:2)
  Maud (D:12)
  Snorg (Lair:7)
  2 vault guards (D:13)
  11 hydras
  Harold (D:12)
  2 centaur warriors
  Erica (D:11)
  4 catoblepae
  A tengu warrior (D:11)
  14 death yaks
  3 orc high priests
  Sonja (Lair:2)
  Nergalle (D:12)
  3 unseen horrors
  An unseen horror (shapeshifter) (D:15)
  A giant orange brain (D:15)
  5 hill giants
  2 deep elf magi
  2 necromancers
  4 orb spiders (Spider:1)
  6 orc knights
  A wolf spider zombie (D:13)
  3 oklob plants
  10 ugly things
  6 wolf spiders
  A wizard (D:15)
  8 orc sorcerers
  4 cyclopes
  A manticore (D:15)
  A griffon (Lair:7)
  Maurice (D:8)
  3 sirens (Lair:3)
  An octopode (shapeshifter) (D:15)
  6 black mambas
  17 elephants
  2 ice statues (IceCv)
  20 spiny frogs
  3 rime drakes
  A freezing wraith (D:15)
  13 komodo dragons
  A tengu conjurer (D:11)
  A yaktaur (D:13)
  3 demonic crawlers
  A merfolk (Lair:3)
  3 jumping spiders (Spider:1)
  12 trolls
  13 slime creatures
  29 blink frogs
  A boulder beetle (Lair:8)
  A hornet zombie (D:12)
  A shadow (D:12)
  3 redbacks
  2 wyverns (D:11)
  62 yaks
  The ghost of Nukog the Sneak, an amateur OgAs of Dithmenos (D:8)
  A wraith (D:13)
  2 hogs (shapeshifter) (D:15)
  20 humans (D:13)
  3 basilisks
  2 fire elementals (D:15)
  2 hungry ghosts
  6 vampire mosquitoes (D:15)
  10 hippogriffs
  A mottled dragon (D:15)
  5 wargs
  16 porcupines
  Duvessa (D:6)
  6 hell hounds (D:15)
  16 water moccasins
  An eye of draining (D:13)
  12 ice beasts
  39 orc warriors
  3 black bears
  A necrophage (D:9)
  7 sky beasts
  2 wasps (Spider:1)
  4 phantoms
  10 ogres
  16 wolves
  8 centaurs
  13 crocodiles
  13 big kobolds
  A big kobold (shapeshifter) (D:13)
  Blork the orc (D:5)
  24 giant frogs
  A wyvern zombie (D:9)
  A gnoll sergeant (D:10)
  Dowan (D:6)
  A wyvern skeleton (D:11)
  5 scorpions
  24 killer bees
  2 electric eels (Lair:1)
  5 howler monkeys
  9 wights
  2 centaur zombies
  7 crimson imps
  A giant frog zombie (D:12)
  5 human zombies (D:9)
  7 jellies
  Crazy Yiuf (D:6)
  4 gnoll shamans (D:3)
  18 orc priests
  12 hounds
  7 centaur skeletons
  2 giant frog skeletons
  3 human skeletons
  33 orc wizards
  12 iguanas
  3 polar bear simulacra (Lair:4)
  5 hell rats (Lair:3)
  14 worker ants
  4 yak simulacra (Lair:4)
  18 sheep
  A wolf simulacrum (Lair:4)
  2 ogre zombies (D:9)
  2 hound skeletons (D:6)
  47 gnolls
  53 river rats
  19 adders
  4 shadow imps
  12 white imps (D:11)
  6 oozes
  An adder skeleton (D:4)
  An adder zombie (D:7)
  5 worms
  8 giant geckos
  108 orcs
  19 giant cockroaches
  10 goblins
  15 hobgoblins
  33 jackals
  31 kobolds
  4 quokkas
  2 ball pythons
  4 bats
  9 giant newts
  An orc skeleton (D:9)
  A quokka skeleton (D:5)
  10 rats
  3 river rat simulacra (Lair:4)
  A spectral orc (D:5)
  2 fungi
  24 plants
1196 creatures vanquished.

Vanquished Creatures (others)
  A human (D:8)
  An ogre (D:8)
  A killer bee (D:12)
  An orc (D:7)
  15 fungi
  13 plants
32 creatures vanquished.

Grand Total: 1228 creatures vanquished

Notes
Turn   | Place    | Note
--------------------------------------------------------------
     0 | D:1      | theElss the High Elf Conjurer began the quest for the Orb.
     0 | D:1      | Reached XP level 1. HP: 11/11 MP: 4/4
   279 | D:1      | Reached XP level 2. HP: 5/18 MP: 0/6
   568 | D:1      | Learned a level 2 spell: Searing Ray
   712 | D:1      | Reached skill level 5 in Conjurations
  1047 | D:1      | Reached XP level 3. HP: 22/22 MP: 2/7
  1604 | D:2      | Found a shattered altar of Ashenzari.
  1610 | D:2      | Reached skill level 1 in Fighting
  1937 | D:2      | Reached XP level 4. HP: 28/28 MP: 5/9
  2189 | D:2      | Found a bloodstained altar of Trog.
  2457 | D:2      | Found an opulent altar of Gozag.
  3279 | D:3      | Noticed a phantom
  3297 | D:3      | Killed a phantom
  3297 | D:3      | Reached skill level 3 in Spellcasting
  3297 | D:3      | Reached XP level 5. HP: 34/34 MP: 5/11
  3303 | D:3      | Learned a level 4 spell: Iskenderun's Mystic Blast
  3547 | D:3      | Found a glowing golden altar of the Shining One.
  3736 | D:3      | Reached skill level 4 in Spellcasting
  3736 | D:3      | Reached XP level 6. HP: 39/39 MP: 13/13
  4093 | D:3      | Found a blossoming altar of Fedhas.
  4743 | D:3      | Reached XP level 7. HP: 45/45 MP: 10/14
  5040 | D:3      | Reached skill level 5 in Spellcasting
  6162 | D:4      | Reached skill level 6 in Spellcasting
  6162 | D:4      | Reached XP level 8. HP: 51/54 MP: 18/18
  6187 | D:4      | Found an oddly glowing altar of Pakellas.
  6504 | D:4      | Found a basalt altar of Yredelemnul.
  6594 | D:4      | Found a stormy altar of Qazlal.
  6596 | D:4      | Noticed an air elemental
  6666 | D:4      | Found Raluonga's Assorted Antiques.
  6806 | D:4      | Reached skill level 1 in Shields
  6870 | D:4      | Found a radiant altar of Vehumet.
  6875 | D:4      | Became a worshipper of Vehumet
  6884 | D:4      | Found a shimmering altar of Xom.
  7046 | D:5      | Entered Level 5 of the Dungeon
  7453 | D:5      | Found Bekes's Antique Weapon Emporium.
  7648 | D:5      | Found a sparkling altar of Nemelex Xobeh.
  7989 | D:5      | Found a shadowy altar of Dithmenos.
  8105 | D:5      | Found a basalt altar of Yredelemnul.
  8216 | D:5      | Noticed Blork the orc
  8222 | D:5      | Killed Blork the orc
  8253 | D:5      | Found a deep blue altar of Sif Muna.
  8540 | D:6      | Learned a level 5 spell: Iskenderun's Battlesphere
  8641 | D:6      | Reached * piety under Vehumet
  8641 | D:6      | Offered knowledge of Shock by Vehumet.
  8641 | D:6      | Reached skill level 7 in Spellcasting
  8682 | D:6      | Reached XP level 9. HP: 44/58 MP: 18/20
  8917 | D:6      | Noticed Duvessa
  8938 | D:6      | Killed Duvessa
  8941 | D:6      | Noticed Dowan
  8944 | D:6      | Killed Dowan
  9064 | D:6      | Noticed Crazy Yiuf
  9066 | D:6      | Killed Crazy Yiuf
  9152 | D:6      | Found a sacrificial altar of Ru.
  9153 | D:6      | Noticed an oklob plant
  9311 | D:6      | Killed an oklob plant
  9311 | D:6      | Reached skill level 8 in Spellcasting
  9549 | D:7      | Reached skill level 10 in Conjurations
  9648 | D:7      | Found a staircase to the Ecumenical Temple.
  9770 | D:7      | Reached skill level 9 in Spellcasting
 10128 | D:8      | Noticed Nukog's ghost (amateur OgAs)
 10134 | D:8      | Killed Nukog's ghost
 10136 | D:8      | Noticed Maurice
 10234 | D:8      | Killed Maurice
 10346 | D:8      | Found a runed door.
 10349 | D:8      | Found a basalt altar of Yredelemnul.
 10372 | D:8      | Reached XP level 10. HP: 63/65 MP: 21/24
 10550 | D:8      | Found Ejiyrairr's Book Emporium.
 10569 | D:8      | Reached ** piety under Vehumet
 10569 | D:8      | Offered knowledge of Throw Flame by Vehumet.
 11019 | D:9      | Found a sacrificial altar of Ru.
 11077 | D:9      | Reached skill level 5 in Dodging
 11123 | D:9      | Reached skill level 10 in Spellcasting
 11205 | D:9      | Learned a level 2 spell: Throw Flame
 11398 | D:9      | Offered knowledge of Inner Flame by Vehumet.
 11636 | D:9      | Reached skill level 1 in Fire Magic
 11644 | D:9      | Reached *** piety under Vehumet
 11950 | D:9      | Found an ancient bone altar of Kikubaaqudgha.
 11994 | D:9      | Offered knowledge of Sticky Flame by Vehumet.
 12007 | D:9      | Learned a level 4 spell: Sticky Flame
 12567 | D:10     | Entered Level 10 of the Dungeon
 12684 | D:10     | Found a staircase to the Orcish Mines.
 12739 | D:10     | Reached skill level 11 in Spellcasting
 12757 | D:10     | Reached **** piety under Vehumet
 12987 | D:10     | Learned a level 2 spell: Blink
 12991 | D:10     | Learned a level 3 spell: Teleport Other
 13030 | D:10     | Offered knowledge of Static Discharge by Vehumet.
 13030 | D:10     | Reached XP level 11. HP: 70/70 MP: 27/27
 13116 | D:10     | Noticed a hill giant
 13127 | D:10     | Killed a hill giant
 14306 | D:11     | Reached skill level 5 in Fighting
 14435 | D:11     | Reached ***** piety under Vehumet
 14475 | D:11     | Found a runed door.
 14542 | D:11     | Offered knowledge of Bolt of Cold by Vehumet.
 14752 | D:11     | Found a frozen archway.
 14816 | IceCv    | Entered an ice cave
 15264 | D:11     | Noticed Erica
 15271 | D:11     | Killed Erica
 15271 | D:11     | Reached skill level 12 in Spellcasting
 15271 | D:11     | Reached skill level 5 in Fire Magic
 15302 | D:11     | Found a staircase to the Lair.
 15456 | D:11     | Noticed a tengu warrior
 15466 | D:11     | Killed a tengu warrior
 15580 | D:11     | Noticed an unseen horror
 15590 | D:11     | Killed an unseen horror
 15626 | D:11     | Found a runed door.
 15978 | D:11     | Noticed a hill giant
 15986 | D:11     | Killed a hill giant
 16112 | D:11     | Reached XP level 12. HP: 77/77 MP: 28/29
 16361 | Lair:1   | Entered Level 1 of the Lair of Beasts
 16454 | Lair:1   | Noticed a six-headed hydra
 16465 | Lair:1   | Killed a six-headed hydra
 16623 | Lair:1   | Offered knowledge of Lee's Rapid Deconstruction by Vehumet.
 16959 | Lair:1   | Noticed a death yak
 16961 | Lair:1   | Noticed a death yak
 16964 | Lair:1   | Noticed a death yak
 16999 | Lair:1   | Killed a death yak
 17317 | Lair:1   | Killed a death yak
 17332 | Lair:1   | Killed a death yak
 17336 | Lair:1   | Reached skill level 13 in Spellcasting
 18168 | Lair:2   | Got a steaming falchion
 18169 | Lair:2   | Identified the +6 falchion of Debt {slice, +Rage +Fly rF- Int+6} (You found it on level 2 of the Lair of Beasts)
 18643 | Lair:2   | Noticed Sonja
 18644 | Lair:2   | Killed Sonja
 19228 | Lair:3   | Reached XP level 13. HP: 55/83 MP: 20/31
 19242 | Lair:3   | Found a staircase to the Shoals.
 20438 | Lair:4   | Reached skill level 14 in Spellcasting
 21687 | Lair:4   | Found a hole to the Spider Nest.
 22186 | Lair:4   | Reached skill level 15 in Conjurations
 22278 | Lair:5   | Offered knowledge of Venom Bolt by Vehumet.
 22676 | Lair:5   | Reached skill level 15 in Spellcasting
 23092 | Lair:5   | Learned a level 5 spell: Venom Bolt
 23952 | Lair:6   | Reached XP level 14. HP: 89/89 MP: 34/34
 24759 | Lair:7   | Reached skill level 16 in Spellcasting
 24854 | Lair:7   | Noticed Snorg
 24863 | Lair:7   | Killed Snorg
 25563 | Lair:7   | Reached skill level 5 in Evocations
 25652 | Lair:7   | Reached ****** piety under Vehumet
 26704 | Lair:8   | Entered Level 8 of the Lair of Beasts
 26765 | Lair:8   | Offered knowledge of Fireball by Vehumet.
 26774 | Lair:8   | Learned a level 5 spell: Fireball
 27000 | Lair:8   | Found a staircase to the Slime Pits.
 28760 | Lair:8   | Reached skill level 1 in Armour
 28986 | Lair:8   | Reached XP level 15. HP: 94/94 MP: 25/36
 29435 | Lair:8   | Noticed an azure jelly
 29440 | Lair:8   | Killed an azure jelly
 29440 | Lair:8   | Reached skill level 5 in Armour
 29640 | Lair:8   | Got a wavering bone amulet
 29644 | Lair:8   | Identified the amulet "Xica" {Gourm Dex+3} (You found it on level 8 of the Lair of Beasts)
 29742 | Lair:8   | Offered knowledge of Spellforged Servitor by Vehumet.
 30197 | D:12     | Found an opulent altar of Gozag.
 30210 | D:12     | Noticed Nergalle
 30216 | D:12     | Killed Nergalle
 30273 | D:12     | Noticed Maud
 30911 | D:12     | Noticed Harold
 30918 | D:12     | Killed Harold
 32334 | D:12     | Killed Maud
 33371 | D:13     | Reached skill level 17 in Spellcasting
 33839 | D:13     | Offered knowledge of Delayed Fireball by Vehumet.
 34159 | D:13     | Found a gate to the Vaults.
 34351 | D:14     | Learned a level 7 spell: Delayed Fireball
 35107 | D:15     | Entered Level 15 of the Dungeon
 35312 | D:15     | Reached skill level 10 in Fire Magic
 35569 | D:15     | Found Eruannef's Gadget Emporium.
 35847 | D:15     | Found an oddly glowing altar of Pakellas.
 36155 | D:15     | Reached XP level 16. HP: 99/99 MP: 38/38
 36223 | D:15     | Found a staircase to the Depths.
 36473 | D:15     | Noticed Azrael
 36572 | D:15     | Offered knowledge of Bolt of Fire by Vehumet.
 36590 | D:15     | Learned a level 6 spell: Bolt of Fire
 37222 | Orc:1    | Entered Level 1 of the Orcish Mines
 37933 | Orc:1    | Found a roughly hewn altar of Beogh.
 38306 | Orc:2    | Entered Level 2 of the Orcish Mines
 38358 | Orc:2    | Reached skill level 18 in Spellcasting
 38926 | Orc:2    | Found Hirgh's Jewellery Shoppe.
 39056 | Orc:2    | Found a staircase to the Elven Halls.
 39102 | Orc:2    | Offered knowledge of Lehudib's Crystal Spear by Vehumet.
 39102 | Orc:2    | Offered knowledge of Fire Storm by Vehumet.
 39102 | Orc:2    | Offered knowledge of Shatter by Vehumet.
 40658 | Orc:2    | Found a roughly hewn altar of Beogh.
 40672 | Orc:2    | Found Toax's Antique Weapon Boutique.
 40676 | Orc:2    | Found Faeryphupih's Jewellery Boutique.
 40681 | Orc:2    | Found Paavanob's Antique Armour Boutique.
 40685 | Orc:2    | Found Etuus's General Store.
 40767 | Orc:2    | Bought a runed buckler for 157 gold pieces
 41187 | Spider:1 | Entered Level 1 of the Spider Nest
 41477 | Spider:1 | HP: 1/99 [demonic crawler (7)]
 42051 | Spider:1 | Blown up by an orb spider

Skill      XL: |  1  2  3  4  5  6  7  8  9 10 11 12 13 14 15 16 |
---------------+-------------------------------------------------+-----
Conjurations   | 5 6 7 8 10 11 12 14 15 16 | 16.9
Fighting       | 1 2 3 4 5 6 |  6.0
Spellcasting   | 3 4 6 7 9 11 12 13 15 16 17 18 | 18.4
Dodging        | 3 4 5 7 8 9 |  9.0
Shields        | 4 |  4.0
Fire Magic     | 3 6 7 9 10 | 10.7
Evocations     | 9 |  9.0
Armour         | 2 7 |  7.0
Stealth        | |  2.1

Action                   |  1- 3 |  4- 6 |  7- 9 | 10-12 | 13-15 | 16-18 || total
-------------------------+-------+-------+-------+-------+-------+-------++-------
Melee: Spear             |     6 |    16 |    17 |       |       |       ||    39
       Morningstar       |       |       |    10 |   178 |    59 |    16 ||   263
 Cast: Magic Dart        |    68 |   151 |   316 |   281 |   188 |    74 ||  1078
       Searing Ray       |     6 |    18 |    40 |    48 |    20 |     1 ||   133
       Iskenderun's Myst |       |       |    26 |    83 |   480 |   169 ||   758
       Iskenderun's Batt |       |       |     4 |    60 |   144 |    51 ||   259
       Throw Flame       |       |       |       |    21 |    26 |       ||    47
       Sticky Flame      |       |       |       |    73 |   124 |    17 ||   214
       Fireball          |       |       |       |       |    43 |    38 ||    81
       Delayed Fireball  |       |       |       |       |     1 |       ||     1
       Bolt of Fire      |       |       |       |       |       |     6 ||     6
 Abil: Evoke Invisibilit |       |       |       |       |     1 |     1 ||     2
  Use: Scroll            |       |       |     9 |     5 |    12 |       ||    26
       Potion            |       |       |       |     2 |       |     2 ||     4
 Stab: Sleeping          |       |       |       |       |     1 |       ||     1
  Eat: Chunk             |     3 |     9 |    20 |    34 |    68 |    18 ||   152
       Fruit             |       |       |       |     2 |       |       ||     2
Armor: Robe              |     3 |     8 |    23 |    30 |       |       ||    64
       Leather armour    |       |       |       |    20 |    72 |    40 ||   132
Dodge: Dodged            |    12 |    22 |    56 |   201 |   293 |   150 ||   734
Block: Buckler           |       |       |    11 |    74 |   107 |    60 ||   252
